 Dungeon Crawl Stone Soup version 0.20.2-3-g29329e0561 (webtiles) character file.

161 Alfie the Shield-Bearer (level 5, -2/46 HPs)
             Began as a Hill Orc Fighter on July 26, 2023.
             Killed by nerve-wracking pain
             ... invoked by Grinder
              (6 damage)
             ... on level 3 of the Dungeon.
             The game lasted 00:04:09 (1619 turns).

Alfie the Shield-Bearer (Hill Orc Fighter)          Turns: 1619, Time: 00:04:09

Health: -2/46      AC:  9    Str: 20    XL:     5   Next: 42%
Magic:  5/5        EV:  8    Int:  8    God:
Gold:   72         SH:  9    Dex: 10    Spells: 4/4 levels left

rFire    . . .     SeeInvis .   a - +0 rapier
rCold    . . .     Gourm    .   c - +0 shield
rNeg     . . .     Faith    .   b - +0 scale mail
rPois    +         Spirit   .   (helmet restricted)
rElec    .         Reflect  .   (no cloak)
rCorr    .         Harm     .   (no gloves)
MR       .....     Clarity  +   (no boots)
Stlth    ..........             (no amulet)
Regen    0.2/turn               (no ring)
MPRegen  0.1/turn               (no ring)

@: no status effects
A: antennae 1, yellow scales 1, clarity, poison resistance
a: no special abilities


You were on level 3 of the Dungeon.
You were hungry.

You visited 1 branch of the dungeon, and saw 3 of its levels.

You collected 72 gold pieces.

Inventory:

Hand Weapons
 a - a +0 rapier (weapon)
Missiles
 p - 5 tomahawks (quivered)
Armour
 b - a +0 scale mail (worn)
 c - a +0 shield (worn)
Scrolls
 d - a scroll of magic mapping {unknown}
 h - 2 scrolls of identify {unknown}
 k - 2 scrolls of immolation {unknown}
 l - 2 scrolls of teleportation {unknown}
 m - a scroll of fear {unknown}
 n - 3 scrolls of amnesia {unknown}
Potions
 e - a potion of flight {unknown}
 j - 2 potions of mutation
 o - a potion of lignification
Comestibles
 f - 2 bread rations
 i - 3 meat rations


   Skills:
 + Level 3.9 Fighting
 + Level 3.6 Short Blades
 + Level 4.1 Armour
 + Level 1.0 Dodging
 + Level 4.3 Shields


You had 4 spell levels left.
You didn't know any spells.

Dungeon Overview and Level Annotations

Branches:
Dungeon (3/15)

Altars:
Uskayaw
Yredelemnul

Annotations:
D:3 Grinder


Innate Abilities, Weirdness & Mutations

You have a pair of small antennae on your head.
You are partially covered in yellow scales. (AC +2)
You possess an exceptional clarity of mind.
Your system is resistant to poisons. (rPois)


Message History

You closely miss Grinder.
Grinder is lightly wounded.
Grinder gestures at you. Pain shoots through your body!
* * * LOW HITPOINT WARNING * * *
You closely miss Grinder.
Grinder is lightly wounded.
Grinder gestures at you.
You barely resist. You puncture Grinder!
Grinder is moderately wounded.
You block Grinder's attack. x2
You closely miss Grinder.
Grinder is moderately wounded.
Grinder hits you but does no damage.
You hit Grinder.
Grinder is heavily wounded.
Grinder gestures at you. Pain shoots through your body!
You die...

.. .#
..#######+###.#
..............
............#
............####
................
............# ###
.......@5...# #<#
............# #.#
............###.#
#####.####....†.#
#. #.###### #.
#.# # #.# #.# ..#


You could see Grinder.

Vanquished Creatures
  Terence (D:2)
  Natasha (thrice) (D:2)
  2 adders (D:2)
  A worm (D:2)
  3 dart slugs
  5 bats
  2 giant cockroaches (D:2)
  4 goblins
  3 hobgoblins (D:1)
  A jackal (D:1)
  A frilled lizard (D:2)
  6 kobolds
  4 rats
36 creatures vanquished.

Notes
Turn   | Place    | Note
-------+----------+-------------------------------------------
     0 | D:1      | Alfie the Hill Orc Fighter began the quest for the Orb.
     0 | D:1      | Reached XP level 1. HP: 19/19 MP: 1/1
   263 | D:1      | Reached XP level 2. HP: 17/26 MP: 2/2
   724 | D:2      | Noticed Terence
   751 | D:2      | Killed Terence
   751 | D:2      | Reached XP level 3. HP: 19/33 MP: 3/3
   779 | D:2      | Noticed Natasha
   792 | D:2      | Reached XP level 4. HP: 19/40 MP: 4/4
   795 | D:2      | Gained mutation: You are partially covered in yellow scales. (AC +2) [potion of mutation]
   795 | D:2      | Gained mutation: You have a pair of small antennae on your head. [potion of mutation]
   795 | D:2      | Gained mutation: Your system is resistant to poisons. (rPois) [potion of mutation]
   795 | D:2      | Gained mutation: You possess an exceptional clarity of mind. [potion of mutation]
   808 | D:2      | Killed Natasha
  1030 | D:2      | Noticed Natasha
  1037 | D:2      | Killed Natasha
  1113 | D:2      | Reached XP level 5. HP: 44/46 MP: 5/5
  1161 | D:2      | Reached skill level 1 in Dodging
  1356 | D:2      | Noticed Natasha
  1371 | D:2      | Killed Natasha
  1489 | D:2      | Found a basalt altar of Yredelemnul.
  1491 | D:2      | Found a hide-covered altar of Uskayaw.
  1598 | D:3      | Noticed Grinder
  1619 | D:3      | Killed from afar by Grinder

Skill      XL: |  1  2  3  4  5 |
---------------+----------------+-----
Armour         | 4 |  4.1
Short Blades   | 3 |  3.6
Shields        | 4 |  4.3
Dodging        | 1 |  1.0
Fighting       | |  3.9

Action                   |  1- 3 |  4- 6 || total
-------------------------+-------+-------++-------
Melee: Rapier            |    81 |    94 ||   175
  Use: Potion            |     1 |     3 ||     4
       Scroll            |       |     1 ||     1
  Eat: Royal jelly       |       |     1 ||     1
Armor: Scale mail        |    33 |    23 ||    56
       Skin              |       |    13 ||    13
Dodge: Dodged            |    27 |    22 ||    49
Block: Shield            |    59 |    41 ||   100
